 Dungeon Crawl Stone Soup version 0.27-a0-828-g8289197e94 (webtiles) character file.

Game seed: 17032004429019583099

53480 MeatMancer the Bludgeoner (level 14, -14/195 HPs)
             Began as a Minotaur Berserker on Mar 30, 2021.
             Was the Champion of Trog.
             Demolished by a komodo dragon (16 damage)
             ... on level 6 of the Lair of Beasts on Mar 31, 2021.
             The game lasted 01:18:02 (19171 turns).

MeatMancer the Bludgeoner (Minotaur Berserker)     Turns: 19171, Time: 01:18:02

Health: -14/195    AC: 20    Str: 35    XL:     14   Next: 31%
Magic:  13/13      EV: 18    Int:  7    God:    Trog [******]
Gold:   1172       SH:  5    Dex: 16    Spells: 13/13 levels left

rFire    . . .     SeeInvis .   B - +6 great mace "Lacestri" {vorpal, rElec rF+}
rCold    + . .     Faith    .   (shield currently unavailable)
rNeg     . . .     Spirit   .   R - +4 ring mail of the Lost Path {Str+5}
rPois    .         Reflect  +   x - +2 hat {Int+3}
rElec    +         Harm     .   (no cloak)
rCorr    .         Rampage  .   I - +2 pair of gloves {Str+3}
Will     +....                  E - +1 pair of boots
Stlth    ..........             P - amulet of reflection
HPRegen  0.42/turn              j - +6 ring of dexterity
MPRegen  0.13/turn              p - ring of ice

@: berserking, lethally poisoned (-14 -> -19), slow
A: horns 2, retaliatory headbutt
a: Renounce Religion, Berserk, Trog's Hand, Brothers in Arms


You were on level 6 of the Lair of Beasts.
You worshipped Trog.
Trog was exalted by your worship.
You visited 3 branches of the dungeon, and saw 18 of its levels.
You visited the Abyss 1 time.
You also visited: Gauntlet.

You collected 1172 gold pieces.

Inventory:

Hand Weapons
 B - the +6 great mace "Lacestri" (weapon) {vorpal, rElec rF+}
   (You acquired it in a Gauntlet)

   It inflicts extra damage upon your enemies.
   It protects you from fire.
   It insulates you from electricity.
Missiles
 f - 498 stones
 h - 145 poisoned darts
 K - 17 javelins (quivered)
 M - 3 datura-tipped darts
 T - a throwing net
Armour
 x - a +2 hat of intelligence (worn)
 D - a +3 chain mail
 E - a +1 pair of boots (worn)
 I - a +2 pair of gloves of strength (worn)
 R - the +4 ring mail of the Lost Path (worn) {Str+5}
   (You found it in a Gauntlet)

   It affects your strength (+5).
Jewellery
 d - an amulet of the acrobat
 j - a +6 ring of dexterity (left hand)
 p - a ring of ice (right hand)
 r - a ring of positive energy
 z - a ring of resist corrosion
 H - the ring "Seore" {*Slow rF+++ MP+9 Int-4 SInv}
   (You found it on level 9 of the Dungeon)

   [ring of magical power]

   It affects your intelligence (-4).
   It renders you almost immune to fire.
   It affects your magic capacity (+9).
   It lets you see invisible.
   It may slow you when you take damage.
 L - a ring of protection from fire
 P - an amulet of reflection (around neck)
 Q - a ring of poison resistance
Scrolls
 a - a scroll of fog
 g - 2 scrolls of blinking
 o - 2 scrolls of teleportation
 F - 3 scrolls of fear
 J - 4 scrolls of identify
 O - a scroll of magic mapping
 V - 2 scrolls of enchant weapon
Potions
 c - a potion of cancellation
 i - 9 potions of curing
 m - a potion of lignification
 n - 2 potions of heal wounds
 q - a potion of ambrosia
 C - a potion of resistance
 G - 2 potions of flight
 S - a potion of invisibility
Miscellaneous
 w - a tin of tremorstones (2/2)


   Skills:
 + Level 13.7 Fighting
 - Level 9.7(14.0) Axes
 * Level 16.1(17.0) Maces & Flails
 + Level 13.4 Armour
 + Level 12.4 Dodging


You had 13 spell levels left.
You didn't know any spells.
Your spell library was empty.

Dungeon Overview and Level Annotations

Branches:
Dungeon (11/15)            Temple (1/1) D:6            Lair (5/6) D:9
 Shoals (0/4) Lair:4       Spider (0/4) Lair:3          Orc (0/2) D:9
Gauntlet (visited)
  Slime: Lair:5-6

Altars:
Ashenzari
Cheibriados
Dithmenos
Elyvilon
Fedhas
Gozag
Hepliaklqana
Kikubaaqudgha
Makhleb
Nemelex Xobeh
Okawaru
Qazlal
Ru
Sif Muna
Trog
Uskayaw
Vehumet
Wu Jian
Xom
Yredelemnul
Zin
The Shining One

Shops:
D:1 [

Annotations:
D:8 3 runed translucent doors
D:11 1 runed translucent door
Lair:1 exclusion: 2 oklob plants
Lair:5 1 transporter


Innate Abilities, Weirdness & Mutations

You have a pair of horns on your head.
You reflexively headbutt those who attack you in melee.


Message History

Your unstable footing causes you to fumble your attack.
* * * LOW HITPOINT WARNING * * *
You feel sick. The komodo dragon closely misses you. You furiously retaliate!
You headbutt the komodo dragon! You sock the cane toad!
The cane toad is moderately wounded.
* * * LOW HITPOINT WARNING * * *
You feel sick.
The blink frog blinks! x2
The cane toad stings you but does no damage.
The blink frog blinks!
You bludgeon the cane toad!!
You feel the power of Trog in you as your rage grows.
You kill the cane toad!
Trog accepts your kill.
* * * LOW HITPOINT WARNING * * *
You feel sick. The komodo dragon closely misses you. You furiously retaliate!
You headbutt the komodo dragon.
The blink frog blinks!
Your unstable footing causes you to fumble your attack.
* * * LOW HITPOINT WARNING * * *
You feel sick. The vampire mosquito barely misses you.
Your unstable footing causes you to fumble your attack.
* * * LOW HITPOINT WARNING * * *
You feel sick.
You block the vampire mosquito's attack.
The komodo dragon barely misses you. You furiously retaliate!
You headbutt the komodo dragon!
There's nothing to close nearby.
You are too berserk!
You barely miss the vampire mosquito.
Your headbutt misses the vampire mosquito.
* * * LOW HITPOINT WARNING * * *
You feel sick.
You block the vampire mosquito's attack.
The blink frog blinks!
You sock the vampire mosquito! You headbutt the vampire mosquito!
You destroy the vampire mosquito!
Trog accepts your kill.
* * * LOW HITPOINT WARNING * * *
You feel sick.
The blink frog blinks!
The komodo dragon bites you!
You die...

≈≈≈≈≈≈≈≈≈≈.P
≈≈≈≈≈≈≈≈≈≈.###
≈≈≈≈≈≈≈≈F≈..P#
≈≈≈≈PF≈≈≈≈P.#
≈≈≈≈≈≈≈≈≈..≈#
≈≈≈≈≈≈≈≈.F§.##
P≈≈≈≈≈≈.§FF..#
≈≈≈≈≈..Fl†#
.≈.P≈≈###@#
..### ###


You could see a komodo dragon, 3 blink frogs and 3 bullfrogs.

Vanquished Creatures
  Gastronok (D:8)
  A minotaur (Gauntlet)
  2 boulder beetles
  4 hydras
  3 two-headed ogres
  9 death yaks (Lair:4)
  A thrashing horror (Abyss:2)
  2 sixfirhies (Abyss:2)
  A wretched star (Abyss:2)
  A spatial maelstrom (Abyss:2)
  2 wizards (Gauntlet)
  A deep elf pyromancer (D:9)
  3 large abominations (Abyss:2)
  2 cyclopes
  2 merfolk sirens (Lair:4)
  Joseph (D:8)
  4 elephants (Gauntlet)
  A smoke demon (Gauntlet)
  3 black mambas
  An apocalypse crab (Abyss:2)
  A guardian serpent (Abyss:2)
  A torpor snail (Gauntlet)
  13 cane toads
  Maggie (D:10)
  2 unseen horrors (Abyss:2)
  10 komodo dragons
  A demonic crawler (Lair:3)
  An ancient zyme (Abyss:2)
  2 merfolk (Lair:4)
  3 polar bears
  Prince Ribbit (D:7)
  2 tyrant leeches (Lair:6)
  3 raiju (Abyss:2)
  19 blink frogs
  A spriggan (D:11)
  6 wyverns
  3 shadows
  A vampire (D:9)
  25 yaks
  A ynoxinul (Abyss:2)
  A wraith (Abyss:2)
  A human (shapeshifter) (D:9)
  Grum (D:8)
  2 chaos spawn (Abyss:2)
  6 steam dragons
  2 vampire mosquitoes (Lair:6)
  Edmund (D:5)
  A spatial vortex (Abyss:2)
  3 two-headed ogre zombies (D:9)
  An acid dragon (D:9)
  15 water moccasins
  An orc warrior (D:9)
  3 black bears
  2 necrophages (D:4)
  2 ogres (D:5)
  4 centaurs
  9 wolves
  2 phantoms (D:6)
  4 kobold brigands
  13 bullfrogs
  12 scorpions
  A water moccasin skeleton (D:5)
  5 small abominations (Abyss:2)
  2 troll zombies (D:9)
  2 wyvern skeletons
  18 killer bees
  9 wights
  2 howler monkeys
  5 electric eels (D:8)
  4 crimson imps (Gauntlet)
  4 centaur zombies
  2 hounds
  3 orc priests
  A bullfrog skeleton (D:7)
  A gnoll shaman (D:7)
  4 jellies
  3 centaur skeletons
  6 iguanas
  6 orc wizards
  A killer bee zombie (D:7)
  3 ogre zombies (D:9)
  9 gnolls
  A howler monkey skeleton (D:7)
  6 adders
  2 shadow imps (Gauntlet)
  5 white imps
  An ufetubus (Abyss:2)
  4 worms
  3 dart slugs
  14 orcs
  4 bats
  7 endoplasms
  6 giant cockroaches
  9 goblins
  8 hobgoblins
  6 jackals (D:4)
  5 quokkas
  6 ball pythons
  A frilled lizard (D:3)
  4 goblin skeletons (D:9)
  4 goblin zombies (D:9)
  A hobgoblin skeleton (D:9)
  4 hobgoblin zombies (D:9)
  16 kobolds
  An orc skeleton (D:9)
  11 orc zombies (D:9)
  5 rats
453 creatures vanquished.

Vanquished Creatures (others)
  4 demonic plants (Gauntlet)
  18 fungi
  105 plants
127 creatures vanquished.

Grand Total: 580 creatures vanquished

Notes
Turn   | Place    | Note
-------+----------+-------------------------------------------
     0 | D:1      | MeatMancer the Minotaur Berserker began the quest for the
                  | Orb.
     0 | D:1      | Reached XP level 1. HP: 19/19 MP: 0/0
   243 | D:1      | Reached XP level 2. HP: 27/27 MP: 1/1
   465 | D:1      | Found Jasin's Armour Emporium.
   752 | D:1      | Reached ** piety under Trog
   922 | D:2      | Reached XP level 3. HP: 33/33 MP: 2/2
  1290 | D:2      | Reached XP level 4. HP: 38/41 MP: 3/3
  1596 | D:3      | Noticed a centaur
  1607 | D:3      | Killed a centaur
  1608 | D:3      | Reached skill level 5 in Axes
  1608 | D:3      | Reached XP level 5. HP: 28/47 MP: 4/4
  1997 | D:3      | Found a shimmering blue altar of Sif Muna.
  2626 | D:4      | Found a hide-covered altar of Uskayaw.
  2844 | D:4      | Noticed a black bear
  2852 | D:4      | Killed a black bear
  2853 | D:4      | Reached skill level 5 in Fighting
  2853 | D:4      | Reached XP level 6. HP: 53/56 MP: 5/5
  3110 | D:4      | Identified the Almanac of Execration and Stones
  3159 | D:4      | Reached *** piety under Trog
  3180 | D:4      | Found a shadowy altar of Dithmenos.
  3419 | D:4      | Reached XP level 7. HP: 53/61 MP: 6/6
  4022 | D:5      | Entered Level 5 of the Dungeon
  4022 | D:5      | Found a broken altar of Ashenzari.
  4050 | D:5      | Reached skill level 5 in Armour
  4109 | D:5      | Found a stormy altar of Qazlal.
  4323 | D:5      | Noticed a steam dragon
  4323 | D:5      | Noticed a steam dragon
  4331 | D:5      | Killed a steam dragon
  4332 | D:5      | Reached skill level 5 in Dodging
  4332 | D:5      | Reached XP level 8. HP: 71/71 MP: 7/7
  4506 | D:5      | Noticed Edmund
  4521 | D:5      | Killed Edmund
  4688 | D:5      | Reached skill level 1 in Maces & Flails
  4695 | D:5      | Found a sacrificial altar of Ru.
  4720 | D:5      | Reached skill level 2 in Maces & Flails
  5251 | D:6      | Found a staircase to the Ecumenical Temple.
  5314 | Temple   | Entered the Ecumenical Temple
  5503 | D:6      | Reached skill level 3 in Maces & Flails
  5507 | D:6      | Noticed a cyclops
  5545 | D:6      | Reached XP level 9. HP: 22/79 MP: 8/8
  5843 | D:6      | Killed a cyclops
  5844 | D:6      | Reached skill level 4 in Maces & Flails
  5911 | D:6      | Found an ancient bone altar of Kikubaaqudgha.
  6025 | D:6      | Found a sacrificial altar of Ru.
  6025 | D:6      | Noticed a two-headed ogre
  6448 | D:5      | Killed a two-headed ogre
  6449 | D:5      | Reached skill level 5 in Maces & Flails
  6599 | D:6      | Reached skill level 6 in Maces & Flails
  6708 | D:6      | Found a burning altar of Makhleb.
  6923 | D:6      | You fall into a shaft and drop 3 floors!
  6923 | D:9      | Found a large runed translucent door.
  6923 | D:9      | Found a large runed translucent door.
  6923 | D:9      | Found a large runed translucent door.
  6923 | D:9      | Found a large runed translucent door.
  6923 | D:9      | Noticed a four-headed hydra
  6924 | D:9      | Noticed a boulder beetle
  6927 | D:9      | Killed a four-headed hydra
  6928 | D:9      | Reached skill level 7 in Maces & Flails
  6934 | D:9      | Killed a boulder beetle
  6935 | D:9      | Reached XP level 10. HP: 45/90 MP: 9/9
  7251 | D:9      | Reached skill level 8 in Maces & Flails
  7255 | D:9      | Noticed a cyclops
  7264 | D:9      | Killed a cyclops
  7271 | D:9      | Reached **** piety under Trog
  7930 | D:7      | Noticed Prince Ribbit
  7936 | D:7      | Killed Prince Ribbit
  7937 | D:7      | Reached skill level 9 in Maces & Flails
  8879 | D:8      | Noticed Gastronok
  9048 | D:8      | Killed Gastronok
  9049 | D:8      | Reached skill level 10 in Fighting
  9049 | D:8      | Reached skill level 10 in Maces & Flails
  9049 | D:8      | Reached XP level 11. HP: 99/99 MP: 10/10
  9401 | D:8      | Noticed Joseph
  9403 | D:8      | Found a blossoming altar of Fedhas.
  9411 | D:8      | Killed Joseph
  9500 | D:8      | Found a runed translucent gate.
  9501 | D:8      | Found a runed translucent gate.
  9502 | D:8      | Found a runed translucent gate.
  9502 | D:8      | Noticed a brown ugly thing
  9502 | D:8      | Noticed a green ugly thing
  9503 | D:8      | Noticed a red ugly thing
  9504 | D:8      | Noticed a red ugly thing
  9527 | D:8      | Noticed Grum
  9536 | D:8      | Killed Grum
  9937 | D:8      | Reached ***** piety under Trog
 10404 | D:9      | Found a stormy altar of Qazlal.
 10523 | D:9      | Reached skill level 11 in Maces & Flails
 10528 | D:9      | Reached skill level 10 in Armour
 10627 | D:9      | Received a gift from Trog
 10651 | D:9      | Found a staircase to the Orcish Mines.
 10812 | D:9      | Found a staircase to the Lair.
 11044 | D:9      | Reached skill level 12 in Maces & Flails
 11129 | D:9      | Noticed a deep elf pyromancer
 11132 | D:9      | Killed a deep elf pyromancer
 11139 | D:9      | Identified the ring "Seore" {*Slow rF+++ MP+9 Int-4 SInv}
 11479 | D:10     | Entered Level 10 of the Dungeon
 11671 | D:10     | Noticed a two-headed ogre
 11683 | D:10     | Killed a two-headed ogre
 11684 | D:10     | Reached XP level 12. HP: 110/110 MP: 11/11
 11744 | D:10     | Noticed Maggie
 11760 | D:10     | Killed Maggie
 11767 | D:10     | Reached skill level 10 in Dodging
 11953 | D:10     | Noticed a two-headed ogre
 11970 | D:10     | Killed a two-headed ogre
 12250 | D:11     | Noticed a boulder beetle
 12267 | D:11     | Killed a boulder beetle
 12524 | D:11     | Found a runed translucent door.
 12535 | D:11     | Noticed a fire dragon
 12540 | D:11     | Noticed a yaktaur captain
 12540 | D:11     | Noticed a centaur warrior
 13245 | Lair:1   | Entered Level 1 of the Lair of Beasts
 13251 | Lair:1   | Noticed a five-headed hydra
 13262 | Lair:1   | Killed a five-headed hydra
 13263 | Lair:1   | Reached skill level 13 in Maces & Flails
 13778 | Lair:1   | Noticed a six-headed hydra
 13783 | Lair:1   | Killed a six-headed hydra
 14890 | Lair:2   | Reached skill level 14 in Maces & Flails
 15066 | Lair:2   | Received a gift from Trog
 15210 | Lair:2   | Reached XP level 13. HP: 118/118 MP: 12/12
 16163 | Lair:3   | Found a gate leading to a gauntlet.
 16176 | Gauntlet | Entered a Gauntlet
 16176 | Gauntlet | Found a transporter.
 16176 | Gauntlet | Found a transporter.
 16178 | Gauntlet | Found a transporter.
 16196 | Gauntlet | Found a transporter.
 16210 | Gauntlet | Found a transporter.
 16214 | Gauntlet | Found a transporter.
 16227 | Gauntlet | Found a transporter.
 16238 | Gauntlet | Found a transporter.
 16280 | Gauntlet | Found a transporter.
 16303 | Gauntlet | Found a transporter.
 16311 | Gauntlet | Found a transporter.
 16315 | Gauntlet | Found a transporter.
 16570 | Gauntlet | Identified a scroll of acquirement
 16570 | Gauntlet | Acquired the +6 great mace "Lacestri" {vorpal, rElec rF+}
 16641 | Gauntlet | Cast into level 2 of the Abyss (a wizard)
 16917 | Abyss:2  | Received a gift from Trog
 16982 | Abyss:2  | Paralysed by you for 5 turns
 17034 | Gauntlet | Escaped the Abyss
 17038 | Gauntlet | Reached skill level 15 in Maces & Flails
 17354 | Gauntlet | Noticed a minotaur
 17360 | Gauntlet | Killed a minotaur
 17398 | Gauntlet | Identified the +0 helmet "Isiuk" {Int-3 Dex+9}
 17398 | Gauntlet | Identified the Disquisition on Spatial Creation
 17401 | Gauntlet | Identified the +4 ring mail of the Lost Path {Str+5}
 17414 | Gauntlet | Identified the +1 steam dragon scales "Sal Ikka" {Slay+5}
 17449 | Lair:3   | Found a hole to the Spider Nest.
 17650 | Lair:3   | You fall into a shaft and drop 1 floor!
 17650 | Lair:4   | Found a staircase to the Shoals.
 17824 | Lair:4   | Reached ****** piety under Trog
 17890 | Lair:4   | Reached XP level 14. HP: 100/129 MP: 13/13
 19088 | Lair:5   | Found a transporter.
 19119 | Lair:5   | Reached skill level 16 in Maces & Flails
 19134 | Lair:5   | You fall into a shaft and drop 1 floor!
 19134 | Lair:6   | Entered Level 6 of the Lair of Beasts
 19157 | Lair:6   | Received a gift from Trog
 19165 | Lair:6   | HP: 9/195 [poisoned by a cane toad]
 19168 | Lair:6   | HP: 4/195 [poisoned by a cane toad]
 19171 | Lair:6   | Demolished by a komodo dragon

Illustrated notes

Levels and vault maps discovered:
D:1:      co_arrival_random_square_maze, layout_basic, serial_shops, shop
D:2:      layout_loops_ring
D:3:      layout_loops_ring, lemuel_blue_sif_altar
D:4:      layout_basic, eat_drink_and_be_merry_uskayaw, kennysheep_mini_moat,
          minmay_misc_feat_five, kennysheep_big_empty_room, kennysheep_boxes
D:5:      kennysheep_steamy, layout_basic, cheibrodos_ashenzari_chains,
          basic_altar, minmay_tree_intersection,
          nicolae_ru_sacrificial_ziggurat, uniq_edmund
D:6:      layout_basic, bloody_makhleb, minmay_temple_entry_glass,
          hangedman_feature_mirror, minmay_misc_feat_x, kennysheep_cross_room,
          wad_floor_pattern_2
D:7:      corexii_shack_village, layout_basic, serial_rivers,
          chequers_serial_rivers_marsh, chequers_serial_rivers_small_a,
          chequers_serial_rivers_micro_a, chequers_serial_rivers_micro_d,
          uniq_prince_ribbit1
D:8:      wad_lake_hut, layout_rooms,
          ploomutoo_gammafunk_ghost_potion_laboratory, fedhas_altar_3,
          uniq_grum, uniq_gastronok, uniq_joseph
D:9:      layout_basic, minmay_lair_entry_grove, zombieorc2_lemuel, basic_altar,
          minmay_hollow_rounded_squares
D:10:     layout_small_grid, blue_anna_alchemist [blue_anna_fruit_fields,
          blue_anna_fruit_fields], uniq_maggie
D:11:     layout_cave_pods, minmay_st_funbox, the_bakery
Temple:   compressed_dpeg_circular_temple
Lair:1:   layout_gridlike, lemuel_old_faithful, minmay_lair_oklob_chamber,
          grunt_megastairs_2, serial_bayou_shore_b
Lair:2:   layout_chaotic_city, serial_rivers, chequers_serial_rivers_small_b,
          chequers_serial_rivers_small_b, chequers_serial_rivers_small_3,
          chequers_serial_rivers_small_3, serial_bayou_pond_a
Lair:3:   layout_cellular_growth, nicolae_spider_entry_non_spiders,
          gauntlet_entry_generic, nzn_masters_of_martial_movement
Lair:4:   layout_loops_ring, elwin_shoals_entry_stream, minivault_27,
          beast_lair_carwin_1
Lair:5:   gammafunk_cloud_chamber, layout_loops_ring,
          nicolae_slime_entry_slimehenge
Lair:6:   minmay_lair_end_frog_pond, layout_loops_ring

Skill      XL: |  1  2  3  4  5  6  7  8  9 10 11 12 13 14 |
---------------+-------------------------------------------+-----
Axes           | 4 5 6 8 9 |  9.7
Fighting       | 4 5 6 7 8 10 11 12 13 | 13.7
Armour         | 3 4 5 6 8 9 10 11 13 | 13.4
Dodging        | 3 4 5 6 7 8 9 11 12 | 12.4
Maces & Flails | 3 7 10 12 14 15 16 | 16.1

Action                   |  1- 3 |  4- 6 |  7- 9 | 10-12 | 13-15 || total
-------------------------+-------+-------+-------+-------+-------++-------
Melee: Hand axe          |    62 |    97 |    66 |       |       ||   225
       Headbutt          |     9 |    15 |    37 |   144 |    70 ||   275
       Broad axe         |       |       |    18 |       |       ||    18
       Dire flail        |       |       |    82 |   632 |       ||   714
       Battleaxe         |       |       |       |    12 |    40 ||    52
       Great mace        |       |       |       |       |   228 ||   228
Throw: Dart              |     3 |     2 |     6 |    16 |       ||    27
       Javelin           |       |       |       |       |    14 ||    14
Invok: Berserk           |       |     4 |     6 |     6 |     5 ||    21
Evoke: Tin of tremorston |       |       |       |     3 |     1 ||     4
       Wand              |       |       |       |     3 |       ||     3
  Use: Scroll            |       |       |     9 |    11 |     3 ||    23
       Potion            |       |       |       |     1 |     8 ||     9
 Stab: Distracted        |       |     1 |       |       |       ||     1
       Invisible         |       |       |       |     2 |       ||     2
Armor: Animal skin       |     1 |       |       |       |       ||     1
       Leather armour    |     9 |    17 |       |       |       ||    26
       Chain mail        |       |     3 |    54 |   226 |    89 ||   372
       Ring mail         |       |       |       |    29 |    33 ||    62
Dodge: Dodged            |    53 |    59 |    90 |   365 |   237 ||   804
Block: Other             |       |       |       |       |    13 ||    13

Table legend: (Time is in decaauts)
 A = Elapsed time spent in this place.
 B = Non-inter-level travel time spent in this place.
 C = Inter-level travel time spent in this place.
 D = Time resting spent in this place.
 E = Time spent auto-exploring this place.
 F = Levels seen in this place.
 G = Mean time per level.
                   A        B        C        D        E       F      G
               +--------+--------+--------+--------+--------+-----+--------+
         Total |  19234 |  18719 |    515 |   4433 |   7549 |  20 |  961.7 |
       Dungeon |  13266 |  12847 |    419 |   3133 |   5385 |  11 | 1206.0 |
        Temple |     84 |     84 |      0 |      0 |     73 |   1 |   84.0 |
          Lair |   4586 |   4490 |     96 |    906 |   2090 |   6 |  764.3 |
         Abyss |    413 |    413 |      0 |     70 |      0 |   1 |  413.0 |
      Gauntlet |    882 |    882 |      0 |    324 |      0 |   1 |  882.0 |
               +--------+--------+--------+--------+--------+-----+--------+

Top non-repeatable levels by time:
     D:5: 2021 daAuts
     D:8: 1547 daAuts
     D:9: 1516 daAuts
  Lair:1: 1440 daAuts
  Lair:4: 1369 daAuts
     D:4: 1323 daAuts
     D:7: 1237 daAuts
     D:6: 1132 daAuts
  Lair:2: 1077 daAuts
    D:10: 973 daAuts
     D:2: 970 daAuts
     D:3: 954 daAuts
Gauntlet: 882 daAuts
     D:1: 815 daAuts
    D:11: 772 daAuts
